Map: Royal Blood LE

Players

winzboy - Winner!

  • Race: Protoss Protoss
  • Spawn Location: 1:00

VOD

Have the link to the VOD?

Description

Time

  • Played on: May 20, 2023, 2:39 a.m.
  • Length: 20:28
Show
View Real Time Build Order
Export as new Build Order

winzboy Protoss - Winner!

Build Orders:  

Get SALT Encoding   

  12  0:06  Probe (Chrono Boost)  
  13  0:23  Probe (Chrono Boost)  
  14  0:33  Pylon  
  14  0:36  Probe (Chrono Boost)  
  15  0:59  Gateway  
  16  1:01  Probe (Chrono Boost)  
  16  1:18  Probe (Chrono Boost), Assimilator  
  17  1:24  Assimilator  
  17  1:35  Probe (Chrono Boost)  
  18  1:42  Gateway  
  18  1:53  Probe (Chrono Boost)  
  20  2:10  Probe (Chrono Boost)  
  20  2:11  Cybernetics Core  
  20  2:27  Probe (Chrono Boost)  
  21  2:38  Pylon  
  21  2:55  Pylon  
  21  3:02  Probe (Chrono Boost)  
  21  3:07  Stalker x2  
  26  3:18  Probe (Chrono Boost)  
  27  3:37  Probe  
  28  3:54  Probe  
  29  4:11  Probe  
  29  4:12  Nexus  
  30  4:23  Robotics Facility, Warp Gate (Chrono Boost)  
  30  4:28  Probe  
  31  4:33  Stalker  
  31  4:34  Stalker  
  35  4:58  Gateway  
  35  5:46  Assimilator  
  35  5:49  Assimilator  
  35  5:52  Pylon  
  35  5:58  Stalker  
  35  5:59  Stalker  
  39  6:02  Probe  
  39  6:08  Robotics Bay  
  40  6:11  Probe  
  40  6:19  Probe  
  42  6:22  Observer  
  42  6:28  Probe  
  44  6:36  Probe  
  45  6:45  Probe  
  46  6:53  Probe  
  46  6:56  Immortal (Chrono Boost)  
  47  7:02  Probe  
  52  7:10  Probe  
  52  7:19  Probe  
  54  7:38  Colossus (Chrono Boost)  
  60  7:56  Nexus  
  60  7:59  Pylon  
  60  8:14  Extended Thermal Lance  
  60  8:16  Probe  
  61  8:33  Probe  
  61  8:38  Colossus (Chrono Boost)  
  62  8:49  Probe (Chrono Boost)  
  68  8:55  Forge  
  68  8:58  Pylon  
  69  9:01  Pylon  
  69  9:02  Probe (Chrono Boost)  
  57  9:20  Probe (Chrono Boost)  
  70  9:25  Stalker  
  70  9:26  Stalker x2  
  69  9:36  Probe (Chrono Boost)  
  52  9:53  Probe (Chrono Boost)  
  51  10:02  Stalker  
  51  10:03  Stalker x2  
  55  10:36  Stalker x3  
  57  11:18  Assimilator  
  57  11:20  Nexus  
  57  11:25  Assimilator  
  57  11:31  Pylon, Stalker x2  
  57  11:32  Stalker  
  57  11:33  Colossus (Chrono Boost)  
  57  11:34  Pylon  
  57  11:38  Pylon  
  69  11:56  Gateway  
  69  11:57  Gateway  
  69  12:02  Gateway  
  69  12:05  Gateway  
  69  12:08  Robotics Facility  
  69  12:21  Stalker x2  
  73  12:44  Probe, Protoss Ground Weapons Level 1  
  73  12:47  Immortal (Chrono Boost)  
  78  12:57  Stalker  
  78  12:58  Stalker  
  82  13:01  Probe  
  82  13:05  Probe  
  84  13:18  Probe  
  85  13:20  Stalker x2  
  85  13:22  Probe  
  90  13:35  Probe  
  91  13:44  Twilight Council  
  91  13:45  Stalker  
  93  13:52  Probe  
  94  14:00  Stalker x2  
  94  14:01  Stalker  
  94  14:09  Probe  
  95  14:22  Stalker  
  95  14:23  Stalker x2  
  95  14:24  Stalker  
  95  14:26  Probe  
  98  14:40  Stalker x2  
  108  14:57  Colossus (Chrono Boost)  
  108  15:05  Stalker  
  108  15:06  Stalker x2  
  114  15:25  Protoss Ground Armor Level 1 (Chrono Boost)  
  114  15:30  Zealot  
  116  15:45  Pylon  
  116  15:49  Pylon  
  116  15:53  Pylon  
  116  15:57  Pylon  
  116  16:04  Gateway  
  116  16:07  Gateway  
  116  16:10  Gateway  
  116  16:15  Robotics Facility  
  116  16:28  Colossus (Chrono Boost)  
  116  16:29  Immortal (Chrono Boost)  
  126  16:47  Stalker  
  126  16:48  Stalker x2  
  126  16:49  Stalker x2  
  136  16:50  Stalker  
  138  17:07  Colossus (Chrono Boost)  
  138  17:10  Pylon  
  138  17:14  Pylon  
  138  17:16  Pylon  
  138  17:19  Pylon  
  144  17:41  Stalker  
  144  17:42  Stalker x3  
  144  17:43  Stalker  
  154  18:22  Zealot x2  
  154  18:23  Zealot x2  
  154  18:24  Zealot x2  
  154  18:25  Zealot x2  
  168  18:44  Colossus x2  
  180  19:36  Pylon  
  180  19:38  Pylon  
  180  19:41  Pylon  
  180  19:43  Pylon  
Tags
 
Matchup
Co-op
Replay Pack
Multiplayer
Add a new tag
Caveats
  • Supply blocks, unpowered buildings, or Contaminate may cause inaccurate times.
  • Supply counts are checked every 10 seconds.